 Dungeon Crawl Stone Soup version 0.30-a0-122-g2a1322497e (webtiles) character file.

Game seed: 772076758783147858

110 Newt the Trooper (level 4, -5/37 HPs)
             Began as a Demonspawn Gladiator on Sept 15, 2022.
             Killed by divine providence
             ... invoked by an orc priest
              (14 damage)
             ... on level 3 of the Dungeon.
             The game lasted 00:03:04 (3804 turns).

Newt the Trooper (Demonspawn Gladiator)             Turns: 3804, Time: 00:03:05

Health: -5/37      AC:  4    Str: 16    XL:     4   Next: 61%
Magic:  4/4        EV: 12    Int: 10    God:
Gold:   124        SH:  0    Dex: 14    Spells: 3/3 levels left

rFire   . . .      SeeInvis .    h - +1 whip (venom)
rCold   . . .      Faith    .    (no shield)
rNeg    . . .      Spirit   .    b - +0 leather armour
rPois   +          Reflect  .    c - +0 helmet
rElec   .          Harm     +    i - scarf {harm}
rCorr   .          Rampage  .    (no gloves)
Will    .....                    (no boots)
Stlth   ++........               (no amulet)
HPRegen 0.12/turn                q - ring of poison resistance
MPRegen 0.09/turn                (no ring)

@: no status effects
A: demonic guardian 1, powered by death 1
a: no special abilities


You were on level 3 of the Dungeon.
You visited 1 branch of the dungeon, and saw 3 of its levels.

You collected 152 gold pieces.
You spent 28 gold pieces at shops.

Inventory:

Hand Weapons
 a - a +0 rapier
 h - a +1 whip of venom (weapon)
Missiles
 d - 2 throwing nets (quivered)
 e - a javelin
Armour
 b - a +0 leather armour (worn)
 c - a +0 helmet (worn)
 i - a scarf of harm (worn)
Jewellery
 q - a ring of poison resistance (left hand)
Scrolls
 j - 2 scrolls of poison
 k - a scroll of magic mapping
 l - a scroll of fear
 m - 3 scrolls of teleportation
 n - a scroll of butterflies
 r - a scroll of immolation {unknown}
Potions
 f - a potion of curing
 g - a potion of berserk rage {unknown}
 o - 2 potions of cancellation {unknown}
 p - a potion of flight {unknown}
 s - a potion of brilliance {unknown}


   Skills:
 - Level 4.0 Fighting
 - Level 2.6 Short Blades
 + Level 1.2 Maces & Flails
 - Level 1.7 Throwing
 - Level 2.6 Dodging
 - Level 2.0 Stealth


You had 3 spell levels left.
You didn't know any spells.
Your spell library contained the following spells:

 Spells                   Type           Power      Damage    Failure   Level
 Cigotuvi's Dreadful Rot  Necr/Pois/Air  0%         N/A       56%         2
 Poisonous Vapours        Pois/Air       0%         N/A       56%         2
 Gell's Gravitas          Tloc           0%         N/A       80%         3
 Teleport Other           Tloc           0%         N/A       80%         3
 Dispersal                Tloc           0%         N/A       100%        6


Dungeon Overview and Level Annotations

Branches:
Dungeon (3/15)

Altars:

Shops:
D:2 *([   D:3 ?


Innate Abilities, Weirdness & Mutations

A weak demonic guardian rushes to your aid.
You regenerate a little health from kills.


Message History

You enter the shallow water.
Moving in this stuff is going to be slow.
j - 2 scrolls of poison (gained 1)
A bat, an orc and an orc priest come into view.
The orc is wielding a +2 flail of protection.
The orc priest is wielding a +2 dagger of flaming.
Found a short sword.
The orc moves out of view.
A hobgoblin comes into view. It is wielding a +0 spear.
Found Yneas's Magic Scroll Emporium.
The bat hits you but does no damage.
The orc priest invokes the aid of Beogh against you.
Beogh smites you!
A demonic guardian appears!
The hobgoblin shouts!
The orc shouts!
You hear a shout! 2 orcs come into view.
An orc is wielding a +0 vorpal mace.
The orc shouts!
The bat hits you but does no damage.
The orc priest mumbles some strange prayers to Beogh against you.
Pain shoots through your body!
You are too injured to fight recklessly!
Unknown command.
Okay, then.
Throw: 3 throwing nets
Press: ? - help, Shift-Dir - straight line, f - orc priest
Aim: an orc priest, wielding a +2 dagger of flaming and wearing a +0 leather armour (60% to hit)
You throw a throwing net.
The throwing net closely misses the orc priest.
The orc shouts!
The hobgoblin hits you from afar with a +0 spear.
* * * LOW HITPOINT WARNING * * *
You hit the orc priest.
The orc priest is poisoned.
The orc priest is lightly wounded.
The hobgoblin hits you from afar with a +0 spear.
* * * LOW HITPOINT WARNING * * *
A demonic guardian appears!
The orc priest hits you but does no damage.
Unknown command.
You closely miss the orc priest.
The orc priest is moderately wounded.
The hobgoblin closely misses you.
The orc priest invokes the aid of Beogh against you.
Beogh smites you!
You die...

...>........####
####.####.......#
###..### #.......#
###..####
#.......#####
####...(.#
#.....>.##...
#...oooo)#
#.......##.#.
.....##bg
#..........#.
###..##o#
#......#.###[ #@#
##.......P###. ###5#
#......PP~~.[. #..5#
#.###~.~P~P~.#
#.#####.##.~~~~~P~P.
#.......##.~♣♣♣♣♣~~P
#######.##P~~♣ ♣~~P
#.##.P~♣♣♣♣~~.
#...P~~P♣~♣~~#
###.#~PP~~~~.#


You could see an orc priest (very poisoned, ally target), 4 orcs, a hobgoblin, a
bat (ally target) and 2 friendly white imps.

Vanquished Creatures
  An orc priest (D:3)
  Terence (D:3)
  A worm (D:2)
  3 dart slugs
  2 orcs (D:3)
  4 endoplasms (D:1)
  A giant cockroach (D:1)
  7 goblins
  2 hobgoblins (D:1)
  6 kobolds
  A quokka (D:1)
  3 bats
  6 frilled lizards
  4 rats
42 creatures vanquished.

Vanquished Creatures (collateral kills)
  An endoplasm (D:2)
  A goblin (D:1)
2 creatures vanquished.

Vanquished Creatures (others)
  7 plants (D:3)
7 creatures vanquished.

Grand Total: 51 creatures vanquished

Notes
Turn   | Place    | Note
-------+----------+-------------------------------------------
     0 | D:1      | Newt the Demonspawn Gladiator began the quest for the Orb.
     0 | D:1      | Reached XP level 1. HP: 16/16 MP: 1/1
   246 | D:1      | Reached skill level 1 in Stealth
   799 | D:1      | Gained mutation: A weak demonic guardian rushes to your
                  | aid. [demonic ancestry]
   799 | D:1      | Reached XP level 2. HP: 22/22 MP: 2/2
  2284 | D:2      | Reached XP level 3. HP: 22/28 MP: 3/3
  2375 | D:2      | Found Bueddas's Assorted Antiques.
  2383 | D:2      | Bought a scroll labelled QUSIRH EFUTARO for 28 gold pieces
  2580 | D:2      | Found Guketank's Weapon Shop.
  2604 | D:2      | Reached skill level 3 in Fighting
  2914 | D:2      | Found Vuipiu's Antique Armour Boutique.
  2995 | D:3      | Gained mutation: You regenerate a little health from kills.
                  | [demonic ancestry]
  2995 | D:3      | Reached XP level 4. HP: 21/37 MP: 4/4
  3282 | D:3      | Noticed Terence
  3295 | D:3      | Killed Terence
  3296 | D:3      | Reached skill level 4 in Fighting
  3296 | D:3      | Reached skill level 1 in Maces & Flails
  3800 | D:3      | Found Yneas's Magic Scroll Emporium.
  3804 | D:3      | Killed from afar by an orc priest

Illustrated notes

Levels and vault maps discovered:
D:1:      dpeg_arrival_boxes_within_box, layout_basic
D:2:      layout_rooms, serial_shops, nicolae_shop_bloodbath_and_beyond,
          nicolae_shop_crystal, nicolae_shop_advertising_works
          [nicolae_subvault_shop_adworks], kennysheep_potato
D:3:      layout_basic, mainiacjoe_overflow_cross_hatched, serial_bayou,
          serial_bayou_pond_b, serial_bayou_pond_d, serial_bayou_crossing,
          serial_bayou_pond_c, serial_shops, nicolae_square_shop, uniq_terence

Skill      XL: |  1  2  3  4 |
---------------+-------------+-----
Stealth        | 1 2 |  2.0
Fighting       | 3 4 |  4.0
Maces & Flails | 1 |  1.2
Short Blades   | |  2.6
Throwing       | |  1.7
Dodging        | |  2.6

Action                   |  1- 3 |  4- 6 || total
-------------------------+-------+-------++-------
Melee: Whip              |    86 |    31 ||   117
       Rapier            |    10 |       ||    10
       Punch             |     1 |       ||     1
Throw: Throwing net      |     1 |     1 ||     2
       Javelin           |     1 |       ||     1
  Use: Scroll            |     9 |       ||     9
 Stab: Sleeping          |     3 |     2 ||     5
Armor: Leather armour    |    32 |    15 ||    47
Dodge: Dodged            |    49 |    19 ||    68

Table legend: (Time is in decaauts)
 A = Elapsed time spent in this place.
 B = Non-inter-level travel time spent in this place.
 C = Inter-level travel time spent in this place.
 D = Time resting spent in this place.
 E = Time spent auto-exploring this place.
 F = Levels seen in this place.
 G = Mean time per level.
                   A        B        C        D        E       F      G
               +--------+--------+--------+--------+--------+-----+--------+
         Total |   3821 |   3760 |     61 |   1525 |   1873 |   3 | 1273.7 |
       Dungeon |   3821 |   3760 |     61 |   1525 |   1873 |   3 | 1273.7 |
               +--------+--------+--------+--------+--------+-----+--------+

Top non-repeatable levels by time:
     D:1: 2280 daAuts
     D:3: 827 daAuts
     D:2: 713 daAuts
